 Dungeon Crawl Stone Soup version 0.24.0-13-gcf9b3192b9 (webtiles) character file.

Game seed: 14792965383766703378, levelgen mode: deterministic

261 Matador8 the Firebug (level 5, -2/38 HPs)
             Began as a Draconian Fire Elementalist on Nov 10, 2019.
             Slain by a howler monkey skeleton (3 damage)
             ... on level 4 of the Dungeon.
             The game lasted 00:15:31 (3922 turns).

Matador8 the Firebug (Draconian Fire Elementalist)  Turns: 3922, Time: 00:15:32

Health: -2/38      AC:  6    Str: 14    XL:     5   Next: 96%
Magic:  3/10       EV: 12    Int: 16    God:
Gold:   217        SH:  0    Dex: 12    Spells: 5/11 levels left

rFire    . . .     SeeInvis .   r - +2 dagger (protect)
rCold    . . .     Gourm    .   (no shield)
rNeg     + . .     Faith    .   (armour unavailable)
rPois    .         Spirit   .   (helmet restricted)
rElec    .         Reflect  .   (no cloak)
rCorr    .         Harm     .   u - +0 pair of gloves
MR       .....                  (no boots)
Stlth    ++........             (no amulet)
HPRegen  0.12/turn              j - +4 ring of strength
MPRegen  0.12/turn              o - ring of positive energy

@: very slightly contaminated
A: unfitting armour, cold-blooded, AC +5
a: no special abilities


You were on level 4 of the Dungeon.
You were not hungry.

You visited 1 branch of the dungeon, and saw 4 of its levels.

You collected 217 gold pieces.

Inventory:

Hand Weapons
 a - a +0 short sword
 r - a +2 dagger of protection (weapon)
Armour
 u - a +0 pair of gloves (worn)
Magical Staves
 v - an uncursed staff of air
Jewellery
 j - a +4 ring of strength (left hand)
 o - a ring of positive energy (right hand)
Scrolls
 c - a scroll of fog {unknown}
 d - a scroll of blinking {unknown}
 e - 3 scrolls of remove curse
 f - 2 scrolls of identify
 g - 2 scrolls of amnesia
 l - 2 scrolls of fear
 p - a scroll of magic mapping {unknown}
 q - a scroll of enchant weapon {unknown}
Potions
 h - a potion of flight {unknown}
 i - a potion of haste {unknown}
 k - a potion of ambrosia {unknown}
 m - a potion of curing {unknown}
 n - a potion of degeneration {unknown}
 t - a potion of heal wounds {unknown}
Comestibles
 b - 5 rations


   Skills:
 - Level 1.7 Dodging
 - Level 1.7 Stealth
 + Level 3.7 Spellcasting
 + Level 3.4 Conjurations
 + Level 4.5 Fire Magic


You had 5 spell levels left.
You knew the following spells:

 Your Spells              Type           Power        Failure   Level  Hunger
a - Flame Tongue          Conj/Fire      ###..        3%          1    None
b - Throw Flame           Conj/Fire      ###...       4%          2    ##.....
c - Conjure Flame         Conj/Fire      ###.....     10%         3    ###....

Your spell library contained the following spells:

 Spells                   Type           Power        Failure   Level  Hunger
 Inner Flame              Hex/Fire       ##......     21%         3    ###....
 Sticky Flame             Conj/Fire      ###.....     32%         4    ####...
 Fireball                 Conj/Fire      ###.......   67%         5    ######.


Dungeon Overview and Level Annotations

Branches:
Dungeon (4/15)
 Temple: D:4-7

Altars:
Ashenzari
Kikubaaqudgha
Qazlal
Wu Jian
Xom

Annotations:
D:4 exclusion: ogre


Innate Abilities, Weirdness & Mutations

Your plain brown scales are hard. (AC +5)
You cannot fit into any form of body armour.
You are cold-blooded and may be slowed by cold attacks.


Message History

Aim: an iguana (heavily wounded)
The flame tongue hits the iguana.
The iguana is severely wounded.
The orc shouts!
You hear a bark!
A hound comes into view.
The iguana bites you!
* * * LOW HITPOINT WARNING * * *
Casting: Flame Tongue (safe; 3% risk of failure)
Confirm with . or Enter, or press ? or * to list all spells.
Aiming: Flame Tongue (safe; 3% risk of failure)
Press: ? - help, Shift-Dir - straight line, f/p - iguana
Aim: an iguana (severely wounded)
The flame tongue hits the iguana!
You kill the iguana!
The howler monkey skeleton barely misses you.
The howler monkey skeleton hits you.
* * * LOW HITPOINT WARNING * * *
There is a stone staircase leading up here.
The howler monkey skeleton hits you.
You die...

..<..........
.....[##..... ##. ..
.....## ..... ... .....
##....# ..... ... .....
#...... .....#
#.##$....
#...##........##.......
##.## .........#.h...#
### ..........o..#
###....@†..#####
###...Z.......
###.#......# ###......#
#....## ...## ...# ###


You could see a hound, an orc and a howler monkey skeleton.

Vanquished Creatures
  A bullfrog (D:3)
  An orc wizard (D:3)
  An iguana (D:4)
  Robin (D:3)
  2 adders (D:2)
  2 oozes
  2 worms
  4 dart slugs (D:1)
  4 leopard geckos
  6 orcs (D:3)
  8 bats
  A giant cockroach (D:3)
  14 goblins
  13 hobgoblins
  3 jackals (D:2)
  A quokka (D:2)
  4 frilled lizards
  5 kobolds
  A leopard gecko skeleton (D:4)
  8 rats
82 creatures vanquished.

Notes
Turn   | Place    | Note
-------+----------+-------------------------------------------
     0 | D:1      | Matador8 the Draconian Fire Elementalist began the quest
                  | for the Orb.
     0 | D:1      | Reached XP level 1. HP: 14/14 MP: 3/3
    80 | D:1      | Reached XP level 2. HP: 5/20 MP: 0/5
   897 | D:1      | Reached XP level 3. HP: 26/26 MP: 3/6
  1251 | D:1      | Learned a level 2 spell: Throw Flame
  1255 | D:1      | Learned a level 3 spell: Conjure Flame
  1478 | D:2      | Found a stormy altar of Qazlal.
  1811 | D:2      | Reached XP level 4. HP: 33/33 MP: 3/8
  2265 | D:2      | Found a shattered altar of Ashenzari.
  2455 | D:3      | Noticed Robin
  2673 | D:3      | Reached skill level 4 in Fire Magic
  2951 | D:3      | Killed Robin
  2951 | D:3      | Reached XP level 5. HP: 34/38 MP: 0/9
  3361 | D:3      | Found a shimmering altar of Xom.
  3363 | D:3      | Found an ornate altar of the Wu Jian Council.
  3523 | D:3      | Found an ancient bone altar of Kikubaaqudgha.
  3864 | D:4      | Noticed an ogre
  3921 | D:4      | HP: 1/38 [howler monkey skeleton (3)]
  3922 | D:4      | Slain by a howler monkey skeleton

Levels and vault maps discovered:
D:1:      mrwooster_arrival_statue_3, layout_basic, nrook_mini_backslash,
          minmay_tetromino_s2
D:2:      layout_rooms, grunt_qazlal_clouds, minmay_misc_feat_four_crosses,
          nicolae_ashenzari_panopticon
D:3:      kb_forest_paths, layout_basic,
          chequers_temple_overflow_statue_of_worship,
          nicolae_overflow_crystal_walls, small_statue_intersection, uniq_robin
D:4:      layout_cave_pools, first_ration, uniq_sigmund

Skill      XL: |  1  2  3  4  5 |
---------------+----------------+-----
Conjurations   | 2 3 |  3.4
Spellcasting   | 3 |  3.7
Fire Magic     | 4 |  4.5
Dodging        | |  1.7
Stealth        | |  1.7

Action                   |  1- 3 |  4- 6 || total
-------------------------+-------+-------++-------
Melee: Unarmed           |     4 |       ||     4
       Short sword       |    22 |    11 ||    33
       Tailslap          |     4 |     2 ||     6
       Dagger            |       |    13 ||    13
 Cast: Flame Tongue      |    67 |    71 ||   138
       Throw Flame       |       |    12 ||    12
       Conjure Flame     |       |     1 ||     1
  Use: Scroll            |       |     3 ||     3
 Stab: Sleeping          |     3 |     1 ||     4
  Eat: Chunk             |     3 |     8 ||    11
Armor: Skin              |    14 |    16 ||    30
Dodge: Dodged            |    21 |    41 ||    62
